 Dungeon Crawl Stone Soup version 0.30-a0-652-gcc886f7154 (webtiles) character file.

Game seed: 4263989589422503124

26 Leeroy the Slasher (level 3, -1/21 HPs)
             Began as a Tengu Warper on Jan 17, 2023.
             Slain by a gnoll
             ... wielding a +0 spear
              (6 damage)
             ... on level 2 of the Dungeon.
             The game lasted 00:00:56 (934 turns).

Leeroy the Slasher (Tengu Warper)                    Turns: 934, Time: 00:00:57

Health: -1/21      AC:  3    Str: 11    XL:     3   Next: 8%
Magic:  7/7        EV: 12    Int: 13    God:
Gold:   47         SH:  0    Dex: 15    Spells: 6/6 levels left

rFire   . . .      SeeInvis .    a - +0 falchion
rCold   . . .      Faith    .    (no shield)
rNeg    . . .      Spirit   .    b - +0 leather armour
rPois   .          Reflect  .    (helmet restricted)
rElec   .          Harm     .    (no cloak)
rCorr   .          Rampage  .    (no gloves)
Will    .....                    (boots unavailable)
Stlth   +                        (no amulet)
HPRegen 0.23/turn                (no ring)
MPRegen 0.10/turn                (no ring)

@: no status effects
A: beak, talons 3
a: no special abilities


You were on level 2 of the Dungeon.
You visited 1 branch of the dungeon, and saw 2 of its levels.

You collected 47 gold pieces.

Inventory:

Hand Weapons
 a - a +0 falchion (weapon)
Missiles
 d - 7 boomerangs of dispersal (quivered)
 f - 4 poisoned darts
 g - 2 atropa-tipped darts
Armour
 b - a +0 leather armour (worn)
Scrolls
 c - a scroll of blinking
 e - a scroll of butterflies {unknown}
 h - a scroll of identify {unknown}
 i - a scroll of noise {unknown}
Potions
 j - a potion of attraction {unknown}


   Skills:
 - Level 2.0 Fighting
 + Level 3.8 Long Blades
 - Level 1.0 Throwing
 - Level 1.1 Armour
 - Level 2.1 Dodging
 - Level 2.0 Spellcasting
 - Level 2.4 Translocations


You had 6 spell levels left.
You didn't know any spells.
Your spell library contained the following spells:

 Spells                   Type           Power      Damage    Failure   Level
 Blink                    Tloc           14%        N/A       19%         2
 Lesser Beckoning         Tloc           14%        N/A       19%         2
 Teleport Other           Tloc           7%         N/A       36%         3
 Vhi's Electric Charge    Tloc/Air       8%         N/A       52%         3
 Manifold Assault         Tloc           7%         N/A       77%         4


Dungeon Overview and Level Annotations

Branches:
Dungeon (2/15)

Altars:

Shops:
D:1 *


Innate Abilities, Weirdness & Mutations

You have a beak for a mouth.
You have claws for feet.


Message History

Done exploring.
Done exploring.
No target in view!
No target in view!
Done exploring.
Things that are here:
a +0 club; a goblin corpse You see here 5 stones.
There is a stone staircase leading down here.
You climb downwards.
Found 5 gold pieces and a coppery potion.
Found a stone staircase leading up.
There is a stone staircase leading up here.
You have 42 gold pieces.
The helpless quokka fails to defend itself.
You hit the quokka but do no damage. The quokka barely misses you.
You closely miss the quokka. Your kick misses the quokka.
You peck the quokka, but do no damage. The quokka closely misses you.
You miss the quokka. The quokka barely misses you.
The quokka bites you but does no damage.
You slash the quokka!
You kill the quokka!
No target in view!
No target in view!
No target in view!
No target in view!
No target in view!
You now have 47 gold pieces (gained 5).
j - a coppery potion
Found a robe. 3 gnolls come into view.
Found 16 gold pieces.
The gnoll shouts! x3
The gnoll hits you from afar with a +0 spear.
There are monsters nearby!
The gnoll hits you with a +0 spear. The gnoll hits you with a +0 spear!
* * * LOW HITPOINT WARNING * * *
The gnoll attacks as you move away! The gnoll barely misses you.
The gnoll hits you from afar with a +0 spear.
You die...

#.#..#######
#.#........+
#......#####
.... ###<...####
...# +....#....#
....#
###.#####.#
....# #...
#.##....## ####
#.#.g.....
####.##@#.....$.
.........gg.....
.............###
.............#
.........[...#
....##########
.#+#


You could see 2 gnolls.

Vanquished Creatures
  4 ball pythons (D:1)
  A bat (D:1)
  4 endoplasms (D:1)
  2 giant cockroaches (D:1)
  2 goblins (D:1)
  2 hobgoblins (D:1)
  2 quokkas
  4 frilled lizards (D:1)
  2 rats (D:1)
23 creatures vanquished.

Notes
Turn   | Place    | Note
-------+----------+-------------------------------------------
     0 | D:1      | Leeroy the Tengu Warper began the quest for the Orb.
     0 | D:1      | Reached XP level 1. HP: 12/12 MP: 4/4
    96 | D:1      | Reached XP level 2. HP: 10/17 MP: 6/6
   100 | D:1      | Reached skill level 3 in Long Blades
   244 | D:1      | Found Jutyqica's Assorted Antiques.
   702 | D:1      | Reached XP level 3. HP: 20/21 MP: 7/7
   934 | D:2      | Slain by a gnoll

Illustrated notes

Levels and vault maps discovered:
D:1:      erik_arrival_orb_chamber, layout_basic, serial_shops,
          nicolae_shop_behind_doors
D:2:      layout_basic, serial_shops, shop, shop, shop

Skill      XL: |  1  2 |
---------------+-------+-----
Long Blades    | 3 |  3.8
Fighting       | |  2.0
Throwing       | |  1.0
Armour         | |  1.1
Dodging        | |  2.1
Spellcasting   | |  2.0
Translocations | |  2.4

Action                   || total
-------------------------++-------
Melee: Falchion          ||    60
       Peck              ||     7
       Kick              ||    12
       Punch             ||     1
 Stab: Sleeping          ||     2
Armor: Leather armour    ||    16
Dodge: Dodged            ||    37

Table legend: (Time is in decaauts)
 A = Elapsed time spent in this place.
 B = Non-inter-level travel time spent in this place.
 C = Inter-level travel time spent in this place.
 D = Time resting spent in this place.
 E = Time spent auto-exploring this place.
 F = Levels seen in this place.
 G = Mean time per level.
                   A        B        C        D        E       F      G
               +--------+--------+--------+--------+--------+-----+--------+
         Total |    942 |    906 |     36 |      0 |    754 |   2 |  471.0 |
       Dungeon |    942 |    906 |     36 |      0 |    754 |   2 |  471.0 |
               +--------+--------+--------+--------+--------+-----+--------+

Top non-repeatable levels by time:
     D:1: 920 daAuts
     D:2: 21 daAuts
